[Event "25th Magistral Barcelona 2020"]
[Site "Barcelona"]
[Date "2020.12.02"]
[Round "1.1"]
[White "Batsiashvili, Nino"]
[Black "Munoz, Miguel"]
[Result "1/2-1/2"]
[ECO "A56"]
[WhiteElo "2460"]
[BlackElo "2442"]
[Annotator "ChessBase"]
[PlyCount "96"]
[EventDate "2020.12.02"]
[EventType "tourn"]
[EventCountry "ESP"]
[SourceTitle "playchess.com"]
[Source "ChessBase"]
[SourceQuality "1"]
[TimeControl "5400+30"]

1. d4 Nf6 2. c4 c5 3. Nf3 g6 4. Nc3 Bg7 5. e4 O-O 6. h3 d6 7. Be3 Nc6 8. d5 Na5 9. Bd3 a6 10. O-O e5 11. Re1 Ne8 12. Nh2 f5 13. exf5 gxf5 14. f4 e4 15. Bf1 Bd7 16. Qd2 Rb8 17. Rab1 b5 18. cxb5 axb5 19. b4 cxb4 20. Rxb4 Nc7 21. Rbb1 Qf6 22. Rec1 Nc4 23. Bxc4 bxc4 24. Nf1 Rxb1 25. Nxb1 Qf7 26. Nc3 Bxc3 27. Qxc3 Nxd5 28. Qxc4 Ra8 29. Rd1 Nxe3 30. Nxe3 Qxc4 31. Nxc4 Be6 32. Ne3 Ra3 33. Rxd6 Kf7 34. Nc2 Rxa2 35. Nd4 Rd2 36. Rxe6 Rxd4 37. Re5 Kf6 38. g4 fxg4 39. hxg4 e3 40. Rf5+ Kg6 41. Kf1 Rd2 42. Ke1 Rf2 43. Rg5+ Kh6 44. Rh5+ Kg7 45. f5 Rf4 46. Ke2 Rxg4 47. Kxe3 Kf6 48. Rxh7 Kxf5 1/2-1/2

[Event "25th Magistral Barcelona 2020"]
[Site "Barcelona"]
[Date "2020.12.02"]
[Round "1.2"]
[White "Peralta, Fernando"]
[Black "Lopez Martinez, Josep Manuel"]
[Result "1/2-1/2"]
[ECO "D87"]
[WhiteElo "2586"]
[BlackElo "2542"]
[Annotator "ChessBase"]
[PlyCount "61"]
[EventDate "2020.12.02"]
[EventType "tourn"]
[EventCountry "ESP"]
[SourceTitle "playchess.com"]
[Source "ChessBase"]
[SourceQuality "1"]
[TimeControl "5400+30"]

1. d4 Nf6 2. c4 g6 3. Nc3 d5 4. cxd5 Nxd5 5. e4 Nxc3 6. bxc3 Bg7 7. Bc4 O-O 8. Ne2 c5 9. O-O Nc6 10. Be3 b6 11. Rc1 Bb7 12. d5 Ne5 13. Bb3 Qd6 14. c4 Ng4 15. Bf4 Be5 16. Bxe5 Qxe5 17. Ng3 Qf4 18. Rc3 e6 19. dxe6 Ne5 20. exf7+ Rxf7 21. Qc1 Qh4 22. f4 Raf8 23. f5 Rd8 24. Bc2 Ba6 25. Rf4 Qh6 26. Nf1 Bxc4 27. Rh3 Qg5 28. Rg3 Qh6 29. Rh3 Qg5 30. Rg3 Qh6 31. Rh3 1/2-1/2

[Event "25th Magistral Barcelona 2020"]
[Site "Barcelona"]
[Date "2020.12.02"]
[Round "1.3"]
[White "Alonso Rosell, Alvar"]
[Black "Grigoryan, Karen H."]
[Result "1/2-1/2"]
[ECO "A07"]
[WhiteElo "2552"]
[BlackElo "2659"]
[Annotator "ChessBase"]
[PlyCount "87"]
[EventDate "2020.12.02"]
[EventType "tourn"]
[EventCountry "ESP"]
[SourceTitle "playchess.com"]
[Source "ChessBase"]
[SourceQuality "1"]
[TimeControl "5400+30"]

1. Nf3 Nf6 2. g3 d5 3. Bg2 c6 4. O-O Bg4 5. h3 Bxf3 6. Bxf3 e5 7. d3 Bc5 8. Nd2 Nbd7 9. e4 dxe4 10. dxe4 O-O 11. Qe2 b5 12. a4 a6 13. c3 Nb6 14. axb5 axb5 15. Rxa8 Qxa8 16. b4 Be7 17. Qe3 Nfd7 18. Be2 Qa4 19. Nf3 c5 20. bxc5 Nc4 21. Bxc4 bxc4 22. Qe2 Bxc5 23. Be3 Bxe3 24. Qxe3 Rb8 25. Qg5 f6 26. Qg4 Nc5 27. Nh4 Qc2 28. Nf5 g6 29. Ne7+ Kf7 30. Nc6 Ra8 31. Qf3 Kg7 32. Qe3 Nd3 33. Qb6 Qb2 34. Qc7+ Kh6 35. Qf7 Ra1 36. Qxf6 Rxf1+ 37. Kxf1 Qb1+ 38. Kg2 Ne1+ 39. Kh2 Qxe4 40. Qf8+ Kg5 41. Qe7+ Kh6 42. Qf8+ Kg5 43. Qe7+ Kh6 44. Qf8+ 1/2-1/2

[Event "25th Magistral Barcelona 2020"]
[Site "Barcelona"]
[Date "2020.12.02"]
[Round "1.4"]
[White "Ayats Llobera, Gerard"]
[Black "Daulyte-Cornette, Deimante"]
[Result "1-0"]
[ECO "B32"]
[WhiteElo "2400"]
[BlackElo "2400"]
[Annotator "NA"]
[PlyCount "61"]
[EventDate "2020.12.02"]
[EventType "tourn"]
[EventCountry "ESP"]
[SourceTitle "playchess.com"]
[Source "ChessBase"]
[SourceQuality "1"]
[TimeControl "5400+30"]

1. e4 c5 2. Nf3 Nc6 3. d4 cxd4 4. Nxd4 e5 5. Nb5 d6 6. c4 Be6 7. N5c3 Rc8 8. Bd3 g6 9. h4 Nf6 10. Nd5 Bg7 11. Nbc3 Nd7 (11... a6 $11) 12. Bg5 f6 13. Be3 h5 14. Nb5 Nc5 15. Bc2 Bf8 16. b4 Nd7 17. Nxa7 Nxa7 18. Bxa7 $16 b6 19. Ba4 Rxc4 20. Bxb6 Qa8 21. O-O Bxd5 22. exd5 Rxb4 23. Bc6 Qa3 24. Qc2 Rxb6 25. Qxg6+ Ke7 26. Bxd7 Kxd7 27. Qf5+ Ke8 28. Qe6+ Be7 29. Rac1 Rb8 30. Rc7 Rh7 31. Qg8+ 1-0

[Event "25th Magistral Barcelona 2020"]
[Site "Barcelona"]
[Date "2020.12.02"]
[Round "1.5"]
[White "Milliet, Sophie"]
[Black "Narciso Dublan, Marc"]
[Result "0-1"]
[ECO "C41"]
[WhiteElo "2401"]
[BlackElo "2492"]
[Annotator "ChessBase"]
[PlyCount "90"]
[EventDate "2020.12.02"]
[EventType "tourn"]
[EventCountry "ESP"]
[SourceTitle "playchess.com"]
[Source "ChessBase"]
[SourceQuality "1"]
[TimeControl "5400+30"]

1. e4 d6 2. d4 Nf6 3. Nc3 e5 4. Nf3 Nbd7 5. Bc4 Be7 6. O-O O-O 7. a4 c6 8. Ba2 h6 9. Re1 Re8 10. h3 Bf8 11. Be3 b6 12. d5 cxd5 13. Bxd5 Nxd5 14. Nxd5 Nf6 15. a5 Nxd5 16. Qxd5 Be6 17. Qb5 a6 18. Qxb6 Qc8 19. Bd2 Rb8 20. Qe3 Rxb2 21. Qd3 Rxc2 22. Rec1 Rxc1+ 23. Rxc1 Qa8 24. Rb1 Rc8 25. Rb6 Bc4 26. Qb1 Bb5 27. Be3 Bc6 28. Nd2 d5 29. exd5 Bxd5 30. Qf1 Rc6 31. f3 Rxb6 32. axb6 a5 33. Qa1 a4 34. Qxe5 a3 35. Bd4 a2 36. Ne4 Qc6 37. b7 Qxb7 38. Nf6+ gxf6 39. Qxf6 Qb1+ 40. Kh2 Qh7 41. Qe5 Be6 42. f4 h5 43. Ba1 Qh6 44. f5 Bd7 45. Kh1 Bxf5 0-1

[Event "25th Magistral Barcelona 2020"]
[Site "Barcelona"]
[Date "2020.12.03"]
[Round "2.1"]
[White "Munoz, Miguel"]
[Black "Narciso Dublan, Marc"]
[Result "1/2-1/2"]
[ECO "B00"]
[WhiteElo "2442"]
[BlackElo "2492"]
[Annotator "ChessBase"]
[PlyCount "63"]
[EventDate "2020.12.02"]
[EventType "tourn"]
[EventCountry "ESP"]
[SourceTitle "playchess.com"]
[Source "ChessBase"]
[SourceQuality "1"]
[TimeControl "5400+30"]

1. e4 d6 2. g3 e5 3. Bg2 Nf6 4. Ne2 c5 5. c3 Be7 6. d4 O-O 7. O-O b5 8. Bg5 Nbd7 9. dxe5 dxe5 10. a4 b4 11. Nd2 Ba6 12. c4 Ne8 13. Bxe7 Qxe7 14. b3 Rd8 15. Qc2 Nb8 16. Rfd1 Nc6 17. Nf1 Nd4 18. Qb2 Nc7 19. Ne3 Nce6 20. Nd5 Qg5 21. Nc1 Qh5 22. Nd3 Rde8 23. f4 exf4 24. N5xf4 Nxf4 25. Nxf4 Qg5 26. Rxd4 cxd4 27. Qxd4 Qe5 28. Qxe5 Rxe5 29. Nd3 Re6 30. Nxb4 Rb8 31. Nd3 Rxb3 32. Nc5 1/2-1/2

[Event "25th Magistral Barcelona 2020"]
[Site "Barcelona"]
[Date "2020.12.03"]
[Round "2.2"]
[White "Daulyte-Cornette, Deimante"]
[Black "Milliet, Sophie"]
[Result "1/2-1/2"]
[ECO "C48"]
[WhiteElo "2400"]
[BlackElo "2401"]
[Annotator "ChessBase"]
[PlyCount "159"]
[EventDate "2020.12.02"]
[EventType "tourn"]
[EventCountry "ESP"]
[SourceTitle "playchess.com"]
[Source "ChessBase"]
[SourceQuality "1"]
[TimeControl "5400+30"]

1. e4 e5 2. Nf3 Nc6 3. Nc3 Nf6 4. Bb5 Nd4 5. O-O c6 6. Bd3 Nxf3+ 7. Qxf3 Bd6 8. Bc4 Bc7 9. d3 h6 10. h3 d6 11. Ne2 O-O 12. g4 d5 13. Bb3 dxe4 14. dxe4 Nd7 15. Be3 Qf6 16. Qxf6 Nxf6 17. f3 Bb6 18. Kf2 Nd7 19. Rfd1 Bxe3+ 20. Kxe3 Nc5 21. Rd6 Be6 22. Rad1 a5 23. h4 Rfe8 24. Nc1 Bxb3 25. Nxb3 Na4 26. Nd2 Nb6 27. Ke2 Kf8 28. b3 Ke7 29. Nc4 Nxc4 30. Rd7+ Kf8 31. bxc4 Re7 32. Rxe7 Kxe7 33. Rb1 Ra7 34. c5 Kd7 35. g5 hxg5 36. hxg5 Kc7 37. Rh1 Ra8 38. Rh7 Rg8 39. Kd3 Kd7 40. Kc3 Ke6 41. Kb3 a4+ 42. Kxa4 Ra8+ 43. Kb3 Ra5 44. Rxg7 Rxc5 45. g6 Rb5+ 46. Kc3 fxg6 47. Rxg6+ Kf7 48. Rh6 Kg7 49. Rd6 Kf7 50. a4 Rc5+ 51. Kb3 Ke7 52. Rh6 b6 53. c4 Kd7 54. Rh7+ Kc8 55. Ra7 Kb8 56. Re7 Kc8 57. Kb4 Ra5 58. Rf7 Rc5 59. Rf5 Ra5 60. Rh5 Kd7 61. Kb3 Kc7 62. Rh7+ Kc8 63. Kb4 Rc5 64. Rf7 Ra5 65. Rg7 Rc5 66. Rg1 Kd7 67. Ra1 Ra5 68. Ra2 Kc7 69. Rc2 c5+ 70. Kb3 Ra8 71. Rd2 Rf8 72. Rd3 Kb7 73. a5 bxa5 74. Ka4 Kc6 75. Rd5 Rxf3 76. Rxe5 Rc3 77. Re6+ Kd7 78. Re5 Rxc4+ 79. Kxa5 Kd6 80. Re8 1/2-1/2

[Event "25th Magistral Barcelona 2020"]
[Site "Barcelona"]
[Date "2020.12.03"]
[Round "2.3"]
[White "Grigoryan, Karen H."]
[Black "Ayats Llobera, Gerard"]
[Result "1/2-1/2"]
[ECO "E97"]
[WhiteElo "2659"]
[BlackElo "2400"]
[Annotator "ChessBase"]
[PlyCount "131"]
[EventDate "2020.12.02"]
[EventType "tourn"]
[EventCountry "ESP"]
[SourceTitle "playchess.com"]
[Source "ChessBase"]
[SourceQuality "1"]
[TimeControl "5400+30"]

1. d4 Nf6 2. c4 g6 3. Nc3 Bg7 4. e4 d6 5. Nf3 O-O 6. Be2 e5 7. O-O Nc6 8. d5 Ne7 9. b4 a5 10. Ba3 axb4 11. Bxb4 Re8 12. c5 dxc5 13. Bxc5 c6 14. dxc6 Qa5 15. Bxe7 Rxe7 16. Qb3 bxc6 17. Bc4 Ba6 18. Bxa6 Qxa6 19. Rab1 Nd7 20. Rfc1 Bf8 21. Qb7 Nc5 22. Qxa6 Rxa6 23. Rb8 f6 24. Nd2 Kf7 25. Nb3 Nxb3 26. axb3 Re8 27. Rb7+ Re7 28. Rxe7+ Kxe7 29. Na4 Kd7 30. Rc3 Ra7 31. g4 Rb7 32. Kg2 Rb4 33. Kf3 f5 34. gxf5 gxf5 35. exf5 Rf4+ 36. Ke2 Rxf5 37. Nb6+ Kc7 38. Nd5+ Kd6 39. Ne3 Rh5 40. Ng4 Rh4 41. h3 Bh6 42. Kf1 Bg5 43. Rg3 Bf4 44. Rd3+ Ke6 45. Kg2 h5 46. Ne3 Bxe3 47. Rxe3 Rb4 48. Kf1 Kf5 49. Rc3 Rh4 50. Kg2 Rb4 51. Kg3 Kg5 52. Re3 Kf5 53. h4 Rg4+ 54. Kh3 Rf4 55. f3 e4 56. fxe4+ Rxe4 57. Rf3+ Ke5 58. Rc3 Kf4 59. Kg2 Rb4 60. Rg3 Rd4 61. Rg5 Rd2+ 62. Kf1 Rb2 63. Rxh5 Rxb3 64. Rc5 Rh3 65. Rc4+ Kg3 66. Rxc6 1/2-1/2

[Event "25th Magistral Barcelona 2020"]
[Site "Barcelona"]
[Date "2020.12.03"]
[Round "2.4"]
[White "Lopez Martinez, Josep Manuel"]
[Black "Alonso Rosell, Alvar"]
[Result "0-1"]
[ECO "A81"]
[WhiteElo "2542"]
[BlackElo "2552"]
[Annotator "ChessBase"]
[PlyCount "120"]
[EventDate "2020.12.02"]
[EventType "tourn"]
[EventCountry "ESP"]
[SourceTitle "playchess.com"]
[Source "ChessBase"]
[SourceQuality "1"]
[TimeControl "5400+30"]

1. d4 f5 2. g3 Nf6 3. Bg2 g6 4. Nd2 Bg7 5. e4 fxe4 6. Nxe4 Nxe4 7. Bxe4 d5 8. Bg2 Nc6 9. Ne2 Bg4 10. c3 Qd6 11. h3 Bf5 12. Nf4 e5 13. Nxd5 O-O-O 14. O-O Be6 15. dxe5 Nxe5 16. Ne3 Qa6 17. Qc2 Kb8 18. Rd1 Rxd1+ 19. Qxd1 Qd3 20. a3 Rd8 21. Qxd3 Nxd3 22. Bf1 Nc5 23. h4 Nb3 24. Rb1 Bh6 25. Be2 Nxc1 26. Rxc1 Rd2 27. Bf3 Bxe3 28. fxe3 Rxb2 29. Rf1 Kc8 30. Be4 Kd7 31. Rf8 Re2 32. Bxb7 Rxe3 33. Kf2 Rxc3 34. Rh8 h5 35. a4 Rc5 36. Ke3 Kd6 37. Be4 Bf7 38. Rh6 Ke7 39. Rh8 Rc3+ 40. Kf2 Rc4 41. Ke3 Rxa4 42. Rc8 Kd6 43. Rf8 Ke7 44. Rc8 Kd7 45. Rf8 Be8 46. Rg8 Ra6 47. Kd4 Bf7 48. Rf8 Be8 49. Rg8 Rd6+ 50. Kc5 a5 51. Rf8 a4 52. Rf3 Ke6 53. Re3 Kf6 54. Bd5 Bd7 55. Rf3+ Ke7 56. Rf7+ Ke8 57. Rg7 Rf6 58. Rg8+ Ke7 59. Rg7+ Kd8 60. Rg8+ Be8 0-1

[Event "25th Magistral Barcelona 2020"]
[Site "Barcelona"]
[Date "2020.12.03"]
[Round "2.5"]
[White "Batsiashvili, Nino"]
[Black "Peralta, Fernando"]
[Result "1/2-1/2"]
[ECO "A13"]
[WhiteElo "2460"]
[BlackElo "2586"]
[Annotator "ChessBase"]
[PlyCount "123"]
[EventDate "2020.12.02"]
[EventType "tourn"]
[EventCountry "ESP"]
[SourceTitle "playchess.com"]
[Source "ChessBase"]
[SourceQuality "1"]
[TimeControl "5400+30"]

1. c4 e6 2. Nc3 Bb4 3. e4 Ne7 4. d4 c5 5. dxc5 Bxc3+ 6. bxc3 Na6 7. Nf3 O-O 8. Be3 Qa5 9. Rc1 b6 10. cxb6 axb6 11. Qd6 Nc6 12. Bd3 Nc5 13. Bb1 Ba6 14. Nd2 Na4 15. O-O Nxc3 16. Bd3 Na4 17. Qg3 Qh5 18. f4 Nc5 19. Bb1 f6 20. Nb3 d6 21. Qe1 Rfd8 22. Rf3 e5 23. Rh3 Qf7 24. f5 Nd7 25. Qh4 Nf8 26. Bxb6 Rdb8 27. Bf2 Bxc4 28. Rhc3 Bxb3 29. axb3 Rxb3 30. Qg3 Rxc3 31. Qxc3 Ne7 32. Bc2 Kh8 33. Bb3 Qe8 34. Rd1 d5 35. exd5 Nxf5 36. d6 Rd8 37. Qc4 Nd7 38. Ba4 e4 39. Qd5 g6 40. g4 Ng7 41. Bd4 Qe6 42. Qxe6 Nxe6 43. Bc3 Nec5 44. Bxd7 Nxd7 45. g5 Kg8 46. gxf6 Kf7 47. Kf2 Nxf6 48. Ke3 Ke6 49. Bxf6 Kxf6 50. Kxe4 Ke6 51. Kf4 h6 52. Rd3 Rxd6 53. Rh3 g5+ 54. Kg4 Kf7 55. Kh5 Kg7 56. Ra3 Rd2 57. Ra7+ Kf6 58. Ra6+ Kf5 59. Ra5+ Kf4 60. Ra4+ Kf3 61. Kxh6 Rxh2+ 62. Kxg5 1/2-1/2

[Event "25th Magistral Barcelona 2020"]
[Site "Barcelona"]
[Date "2020.12.06"]
[Round "5.1"]
[White "Alonso Rosell, Alvar"]
[Black "Munoz, Miguel"]
[Result "1/2-1/2"]
[ECO "A05"]
[WhiteElo "2552"]
[BlackElo "2442"]
[Annotator "RC"]
[PlyCount "60"]
[EventDate "2020.12.02"]
[EventType "tourn"]
[EventCountry "ESP"]
[SourceTitle "playchess.com"]
[Source "ChessBase"]
[SourceQuality "1"]
[TimeControl "5400+30"]

1. Nf3 Nf6 2. g3 g6 3. b3 Bg7 4. Bb2 O-O 5. Bg2 c5 6. c4 Nc6 7. O-O d6 8. d4 cxd4 9. Nxd4 Bd7 10. e3 Nxd4 11. exd4 d5 12. c5 Ne4 13. Nc3 Bc6 14. Re1 Nxc3 15. Bxc3 a5 16. a3 e6 17. b4 axb4 18. axb4 Qd7 19. Ra5 Rxa5 20. bxa5 Ra8 21. Qd2 h5 22. h4 Qc7 23. Bf1 Re8 24. Qb2 Qd7 25. Bg2 Bf6 26. Qd2 Qc7 27. Qb2 Qd7 28. Qd2 Qc7 29. Qb2 Qd7 30. Qd2 Qc7 1/2-1/2

[Event "25th Magistral Barcelona 2020"]
[Site "Barcelona"]
[Date "2020.12.06"]
[Round "5.3"]
[White "Milliet, Sophie"]
[Black "Batsiashvili, Nino"]
[Result "0-1"]
[ECO "B15"]
[WhiteElo "2401"]
[BlackElo "2460"]
[Annotator "RC"]
[PlyCount "65"]
[EventDate "2020.12.02"]
[EventType "tourn"]
[EventCountry "ESP"]
[SourceTitle "playchess.com"]
[Source "ChessBase"]
[SourceQuality "1"]
[TimeControl "5400+30"]

1. e4 c6 2. d4 d5 3. Nc3 dxe4 4. Nxe4 Nf6 5. Nxf6+ exf6 6. c3 Bd6 7. Bd3 O-O 8. Qc2 Re8+ 9. Ne2 h5 10. O-O h4 11. h3 Nd7 12. Be3 Nf8 13. Rad1 Bd7 14. Rfe1 Rc8 15. c4 Bb8 16. Kf1 Qc7 17. Ng1 Qh2 18. Be4 Qh1 19. f4 Re7 20. Bf3 Qh2 21. Bf2 Rxe1+ 22. Rxe1 Qxf4 23. Qb3 b6 24. Ne2 Qh2 25. Bxh4 Bxh3 26. Bf2 Bf5 27. d5 cxd5 28. cxd5 Nd7 29. Bg1 Qh1 30. d6 Bxd6 31. Qd5 Be5 32. Rc1 Re8 33. Ng3 0-1

[Event "25th Magistral Barcelona 2020"]
[Site "Barcelona"]
[Date "2020.12.07"]
[Round "6.3"]
[White "Batsiashvili, Nino"]
[Black "Narciso Dublan, Marc"]
[Result "1/2-1/2"]
[ECO "A21"]
[WhiteElo "2460"]
[BlackElo "2492"]
[Annotator "RC"]
[PlyCount "116"]
[EventDate "2020.12.02"]
[EventType "tourn"]
[EventCountry "ESP"]
[SourceTitle "playchess.com"]
[Source "ChessBase"]
[SourceQuality "1"]
[TimeControl "5400+30"]

1. c4 e5 2. Nc3 d6 3. d4 exd4 4. Qxd4 Nc6 5. Qd2 Nf6 6. b3 a5 7. Bb2 a4 8. Rd1 axb3 9. axb3 g6 10. Nf3 Bg7 11. e3 O-O 12. Be2 Nd7 13. Na4 Nc5 14. Bxg7 Kxg7 15. Nxc5 dxc5 16. Qb2+ Qf6 17. Qxf6+ Kxf6 18. Nd2 Bf5 19. O-O Bc2 20. Rc1 Nb4 21. Bf3 c6 22. Ne4+ Bxe4 23. Bxe4 Ra3 24. Rb1 Rd8 25. g4 Rd2 26. h4 Na2 27. Bf3 Nc3 28. Ra1 Rxa1 29. Rxa1 Rb2 30. g5+ Ke6 31. Ra8 Rxb3 32. h5 Rb4 33. Bg4+ Ke7 34. Rb8 Ne4 35. f4 gxh5 36. Bxh5 Nd6 37. Rh8 b5 38. Rxh7 bxc4 39. Kf1 Rb2 40. Ke1 c3 41. Kd1 Ke6 42. Rh6+ Ke7 43. Rxd6 Kxd6 44. Bxf7 Rd2+ 45. Kc1 Ke7 46. Bc4 Rf2 47. Bd3 Rf3 48. f5 Rxe3 49. Kc2 Rg3 50. g6 c4 51. Bxc4 Kf6 52. Bd3 Rg4 53. Kxc3 Rf4 54. Bc2 Rg4 55. Bd3 Ke5 56. Bc2 c5 57. Bd3 Kf6 58. Bc2 Rf4 1/2-1/2

[Event "25th Magistral Barcelona 2020"]
[Site "Barcelona"]
[Date "2020.12.08"]
[Round "7.1"]
[White "Ayats Llobera, Gerard"]
[Black "Munoz, Miguel"]
[Result "0-1"]
[ECO "A04"]
[WhiteElo "2400"]
[BlackElo "2442"]
[Annotator "ChessBase"]
[PlyCount "108"]
[EventDate "2020.12.02"]
[EventType "tourn"]
[EventCountry "ESP"]
[SourceTitle "playchess.com"]
[Source "ChessBase"]
[SourceQuality "1"]
[TimeControl "5400+30"]

1. Nf3 c5 2. b3 d6 3. d4 cxd4 4. Nxd4 e5 5. Nf3 e4 6. Nd4 d5 7. e3 Nc6 8. Bb2 Nf6 9. Nxc6 bxc6 10. c4 Be6 11. cxd5 Bb4+ 12. Nd2 Bxd5 13. Qc2 Qa5 14. a3 Bxd2+ 15. Qxd2 Qxd2+ 16. Kxd2 Bxb3 17. Bxf6 gxf6 18. Rb1 Bd5 19. Rb7 O-O 20. Ba6 Rfd8 21. Kc2 Be6 22. Rb2 Rd5 23. Be2 Ra5 24. Ra1 Rd8 25. Kc1 Kf8 26. Rc2 Bd5 27. Rc3 Rb8 28. Rb1 Rb6 29. Kc2 Ke7 30. Rd1 f5 31. h4 Kd6 32. Rb1 h6 33. Rb2 Be6 34. Rb1 Bd5 35. Rb2 c5 36. Rb1 Rxb1 37. Kxb1 c4 38. Kc2 Kc5 39. g3 Ra6 40. Bf1 Rg6 41. Be2 a5 42. Bf1 f4 43. exf4 Kd4 44. Be2 f5 45. Bf1 Rb6 46. Re3 Bc6 47. Bh3 c3 48. Bxf5 Rb2+ 49. Kc1 Ra2 50. Kb1 Rxf2 51. Re1 e3 52. h5 e2 53. Bh3 Be4+ 54. Kc1 Ke3 0-1

[Event "25th Magistral Barcelona 2020"]
[Site "Barcelona"]
[Date "2020.12.08"]
[Round "7.2"]
[White "Milliet, Sophie"]
[Black "Alonso Rosell, Alvar"]
[Result "1/2-1/2"]
[ECO "C70"]
[WhiteElo "2401"]
[BlackElo "2552"]
[Annotator "ChessBase"]
[PlyCount "111"]
[EventDate "2020.12.02"]
[EventType "tourn"]
[EventCountry "ESP"]
[SourceTitle "playchess.com"]
[Source "ChessBase"]
[SourceQuality "1"]
[TimeControl "5400+30"]

1. e4 e5 2. Nf3 Nc6 3. Bb5 a6 4. Ba4 g6 5. c3 Bg7 6. d4 b5 7. Bc2 exd4 8. cxd4 d6 9. h3 Nf6 10. O-O O-O 11. Bg5 h6 12. Bh4 Re8 13. Nbd2 Bb7 14. Re1 Qd7 15. Nb3 Nb4 16. Bxf6 Bxf6 17. Na5 Rab8 18. Nxb7 Rxb7 19. Bb3 c5 20. dxc5 dxc5 21. Qxd7 Rxd7 22. e5 Nd3 23. exf6 Nxe1 24. Rxe1 Rxe1+ 25. Nxe1 c4 26. Bc2 Rd2 27. b3 c3 28. a4 b4 29. g4 Kf8 30. Kg2 Re2 31. Kf1 Rd2 32. Kg2 Rd6 33. a5 Rd2 34. Kf3 Ke8 35. Ke3 Kd7 36. h4 Kd6 37. g5 hxg5 38. hxg5 Rd5 39. f4 Rxa5 40. Nd3 Rb5 41. Ne5 Rb7 42. Kd4 a5 43. Nc4+ Ke6 44. Nxa5 Rd7+ 45. Ke3 Rd2 46. Nc6 Kd6 47. Nxb4 Kc5 48. Nd3+ Kd5 49. Ne1 Rh2 50. Be4+ Kc5 51. Nc2 Rh3+ 52. Bf3 Rh2 53. b4+ Kc4 54. Be2+ Kb3 55. Nd4+ Kxb4 56. Bd3 1/2-1/2

[Event "25th Magistral Barcelona 2020"]
[Site "Barcelona"]
[Date "2020.12.09"]
[Round "8.1"]
[White "Munoz, Miguel"]
[Black "Lopez Martinez, Josep Manuel"]
[Result "1/2-1/2"]
[ECO "B40"]
[WhiteElo "2442"]
[BlackElo "2542"]
[Annotator "ChessBase"]
[PlyCount "63"]
[EventDate "2020.12.02"]
[EventType "tourn"]
[EventCountry "ESP"]
[SourceTitle "playchess.com"]
[Source "ChessBase"]
[SourceQuality "1"]
[TimeControl "5400+30"]

1. e4 c5 2. Nf3 e6 3. c4 Nc6 4. d4 cxd4 5. Nxd4 Nf6 6. Nc3 Qc7 7. Be2 Be7 8. Be3 O-O 9. O-O d6 10. Rc1 Nxd4 11. Qxd4 Bd7 12. Rfd1 Rfd8 13. f3 Be8 14. Kh1 a6 15. g4 Nd7 16. g5 Qa5 17. Qd2 Bf8 18. a3 Rac8 19. f4 Qc7 20. Bd3 Nc5 21. Bc2 Nd7 22. Bd3 Qb8 23. b4 Rc7 24. Ne2 Rdc8 25. h4 b6 26. Kh2 Qb7 27. Rc2 b5 28. cxb5 axb5 29. Rdc1 Rxc2 30. Rxc2 Nb6 31. Rxc8 Nxc8 32. Nc3 1/2-1/2

[Event "25th Magistral Barcelona 2020"]
[Site "Barcelona"]
[Date "2020.12.09"]
[Round "8.5"]
[White "Ayats Llobera, Gerard"]
[Black "Milliet, Sophie"]
[Result "1/2-1/2"]
[ECO "C45"]
[WhiteElo "2400"]
[BlackElo "2401"]
[Annotator "ChessBase"]
[PlyCount "59"]
[EventDate "2020.12.02"]
[EventType "tourn"]
[EventCountry "ESP"]
[SourceTitle "playchess.com"]
[Source "ChessBase"]
[SourceQuality "1"]
[TimeControl "5400+30"]

1. e4 e5 2. Nf3 Nc6 3. d4 exd4 4. Nxd4 Nf6 5. Nxc6 bxc6 6. e5 Qe7 7. Qe2 Nd5 8. c4 Ba6 9. b3 g6 10. g3 Bg7 11. Bb2 O-O 12. Bg2 Rae8 13. O-O Bxe5 14. Qxe5 Qxe5 15. Bxe5 Rxe5 16. cxd5 Bxf1 17. Kxf1 cxd5 18. Nc3 c6 19. Rd1 a5 20. Na4 Rb8 21. Nc5 Re7 22. Rd4 Rb5 23. Nd3 Kf8 24. f3 Re8 25. Kf2 Ke7 26. Ke3 Kd6+ 27. Kd2 c5 28. Rf4 f5 29. Bf1 Rc8 30. Kc3 1/2-1/2